 Dungeon Crawl Stone Soup version 0.24-a0-160-gfa3a8d6 (webtiles) character file.

Game seed: 0

7449 tilp the Grappler (level 10, -1/104 HPs)
             Began as a Troll Monk on Mar 5, 2019.
             Was a Believer of Ru.
             Slain by a three-headed hydra (4 damage)
             ... on level 9 of the Dungeon.
             The game lasted 00:22:51 (7546 turns).

tilp the Grappler (Troll Monk)                      Turns: 7546, Time: 00:22:52

Health: -1/104     AC:  8    Str: 24    XL:     10   Next: 93%
Magic:  0/9        EV: 11    Int:  6    God:    Ru [**....]
Gold:   393        SH:  0    Dex: 12    Spells: 9/9 levels left

rFire    . . .     SeeInvis .     - Unarmed
rCold    . . .     Gourm    +   (no shield)
rNeg     . . .     Faith    .   a - +0 robe
rPois    +         Spirit   +   j - +2 hat {MR+}
rElec    .         Reflect  .   i - scarf {Spirit}
rCorr    .         Harm     .   (gloves unavailable)
MR       +....                  (boots unavailable)
Stlth    +.........             (no amulet)
HPRegen  0.67/turn              w - ring of poison resistance
MPRegen  0.11/turn              (no ring)

@: about to teleport, very slow
A: large, unfitting armour, claws 3, fast metabolism 3, gourmand, regeneration
1, shaggy fur 1, tough skin 3, unskilled 1
a: Renounce Religion


You were on level 9 of the Dungeon.
You worshipped Ru.
Ru was pleased with you.
You were completely stuffed.

You visited 2 branches of the dungeon, and saw 10 of its levels.

You collected 393 gold pieces.

Inventory:

Hand Weapons
 e - a +0 hunting sling
Missiles
 d - 266 stones (quivered)
 B - 2 throwing nets
 H - 5 tomahawks
Armour
 a - a +0 robe (worn)
 i - a scarf of spirit shield (worn)
 j - a +2 hat of magic resistance (worn)
Jewellery
 w - a ring of poison resistance (left claw)
Wands
 y - a wand of flame (12)
 A - a wand of iceblast (8)
Scrolls
 f - a scroll of remove curse
 g - a scroll of teleportation
 h - a scroll of amnesia
 m - a scroll of immolation
 p - a scroll of fog {unknown}
 s - a scroll of blinking {unknown}
 t - 3 scrolls of identify
 v - a scroll of enchant weapon {unknown}
 C - a scroll of enchant armour {unknown}
 D - a scroll of magic mapping {unknown}
 G - a scroll of fear {unknown}
Potions
 c - 2 potions of degeneration
 k - 3 potions of flight
 l - 3 potions of invisibility
 n - a potion of haste
 o - a potion of berserk rage {unknown}
 q - 4 potions of heal wounds
 r - a potion of might {unknown}
 u - a potion of ambrosia {unknown}
 x - a potion of lignification {unknown}
 z - 2 potions of curing
 E - a potion of mutation {unknown}
Comestibles
 b - 15 rations
 F - 10 chunks of flesh


   Skills:
 - Level 8.0 Fighting
 + Level 3.7 Dodging
 - Level 0.9 Stealth
 - Level 12.0 Unarmed Combat


You had 9 spell levels left.
You didn't know any spells.
Your spell library contained the following spells:

 Spells                   Type           Power        Failure   Level  Hunger
 Animate Skeleton         Necr           N/A          45%         1    ##.....
 Apportation              Tloc           #.....       45%         1    ##.....
 Confusing Touch          Hex            #.....       45%         1    ##.....
 Summon Small Mammal      Summ           #...         45%         1    ##.....
 Cause Fear               Hex            #.........   99%         4    #####..
 Silence                  Hex/Air        #.........   100%        5    ######.
 Yara's Violent Unravell  Hex/Tmut       #.........   100%        5    ######.
 Deflect Missiles         Chrm/Air       #.........   100%        6    #######
 Discord                  Hex            #.........   100%        8    #######


Dungeon Overview and Level Annotations

Branches:
Dungeon (9/15)             Temple (1/1) D:7
   Lair: D:8-11         Orc: D:9-12

Altars:
Ashenzari
Cheibriados
Elyvilon
Makhleb
Nemelex Xobeh
Qazlal
Ru
Sif Muna
Uskayaw
Wu Jian
Xom
Yredelemnul
Zin
The Shining One

Annotations:
D:5 Sigmund
D:8 orc knights!


Innate Abilities, Weirdness & Mutations

You are too large for most types of armour.
You have claws for hands.
Your metabolism is lightning-fast.
You like to eat raw meat.
Your natural rate of healing is unusually fast.
You are covered in fur. (AC +1)
You have extremely tough skin. (AC +3)
You are somewhat unskilled. (-1 Apt)


Message History

The three-headed hydra bites you but does no damage.
The three-headed hydra bites you. The three-headed hydra bites you!
There is an open gate here.
The three-headed hydra bites you!
* * * LOW HITPOINT WARNING * * *
The three-headed hydra bites you.
* * * LOW HITPOINT WARNING * * *
The three-headed hydra bites you!
* * * LOW HITPOINT WARNING * * *
As you read the scroll of teleportation, it crumbles to dust.
You feel strangely unstable. The three-headed hydra bites you!
* * * LOW HITPOINT WARNING * * *
The three-headed hydra bites you.
* * * LOW HITPOINT WARNING * * *
The three-headed hydra bites you.
* * * LOW HITPOINT WARNING * * *
You enter the shallow water.
Moving in this stuff is going to be slow.
The three-headed hydra bites you.
You die...

#......#...
#......# ..
##....## . #....###
##########.....#
#..#.....#.....#
#..'....≈#(<...#
#..'..P..#(÷...#.
#..'..KD@......'..(
#..#.....#...###...
#'##P≈P.≈#...# ....
#%.#≈≈)≈P#...# ...
#..+.P≈PP#<..# ..
##########...#
....+ y...#


You could see a three-headed hydra and a big kobold.

Vanquished Creatures
  Gastronok (D:8)
  A troll (D:9)
  2 dream sheep (D:9)
  4 hippogriffs
  2 yaks (D:8)
  4 wargs (D:8)
  An ice beast (D:7)
  2 black bears
  3 orc warriors (D:8)
  A necrophage (D:8)
  A phantom (D:4)
  3 ogres (D:5)
  3 centaurs
  4 big kobolds
  6 bullfrogs
  A gnoll sergeant (D:7)
  6 killer bees
  5 scorpions
  A crimson imp (D:7)
  4 howler monkeys
  3 hounds
  2 bullfrog skeletons
  4 orc priests
  3 jellies
  2 iguanas
  7 orc wizards
  Natasha (D:3)
  8 worker ants
  A hound skeleton (D:4)
  3 worker ant zombies
  7 gnolls
  A howler monkey skeleton (D:5)
  6 adders
  A shadow imp (D:5)
  An adder zombie (D:6)
  4 adder skeletons
  3 dart slugs (D:1)
  3 leopard geckos
  44 orcs
  6 bats
  8 giant cockroaches
  6 goblins
  8 hobgoblins
  10 jackals
  21 kobolds
  6 quokkas
  A ball python (D:3)
  8 frilled lizards
  A goblin zombie (D:9)
  A hobgoblin skeleton (D:9)
  2 orc zombies (D:9)
  A quokka skeleton (D:8)
  10 rats
248 creatures vanquished.

Vanquished Creatures (others)
  A killer bee (D:8)
  An orc (D:8)
2 creatures vanquished.

Grand Total: 250 creatures vanquished

Notes
Turn   | Place    | Note
-------+----------+-------------------------------------------
     0 | D:1      | tilp the Troll Monk began the quest for the Orb.
     0 | D:1      | Reached XP level 1. HP: 22/22 MP: 0/0
   134 | D:1      | Reached XP level 2. HP: 29/29 MP: 1/1
   277 | D:1      | Reached XP level 3. HP: 36/37 MP: 2/2
  1108 | D:2      | Reached skill level 4 in Unarmed Combat
  1186 | D:2      | Reached XP level 4. HP: 42/45 MP: 3/3
  1215 | D:2      | Found a glowing silver altar of Zin.
  1938 | D:3      | Noticed Natasha
  1945 | D:3      | Killed Natasha
  1945 | D:3      | Reached XP level 5. HP: 45/54 MP: 2/4
  2122 | D:3      | Found a shimmering altar of Xom.
  2333 | D:4      | Reached skill level 5 in Unarmed Combat
  2648 | D:4      | Reached XP level 6. HP: 57/62 MP: 3/5
  2783 | D:4      | Found a sparkling altar of Nemelex Xobeh.
  2838 | D:4      | Reached skill level 6 in Unarmed Combat
  3057 | D:4      | Reached XP level 7. HP: 65/70 MP: 4/6
  3215 | D:3      | Found a shattered altar of Ashenzari.
  3215 | D:3      | Found a glowing golden altar of the Shining One.
  3235 | D:5      | Entered Level 5 of the Dungeon
  3364 | D:5      | Reached skill level 7 in Unarmed Combat
  3430 | D:5      | Noticed Sigmund
  3647 | D:5      | Reached skill level 8 in Unarmed Combat
  3647 | D:5      | Reached XP level 8. HP: 70/78 MP: 7/7
  4224 | D:6      | Reached skill level 5 in Fighting
  4265 | D:6      | Reached skill level 9 in Unarmed Combat
  4591 | D:7      | Found an ornate altar of the Wu Jian Council.
  4903 | D:7      | Reached XP level 9. HP: 70/89 MP: 6/8
  4932 | D:7      | Reached skill level 10 in Unarmed Combat
  5186 | D:7      | Found a staircase to the Ecumenical Temple.
  5192 | Temple   | Entered the Ecumenical Temple
  5249 | Temple   | Became a worshipper of Ru the Awakened
  5264 | Temple   | Gained mutation: You are somewhat unskilled. (-1 Apt) [Ru
                  | sacrifice]
  5264 | Temple   | Reduced skill Fighting to level 5
  5264 | Temple   | Reduced skill Unarmed Combat to level 9
  5264 | Temple   | Reached * piety under Ru
  5264 | Temple   | Reached ** piety under Ru
  5556 | D:8      | Noticed Gastronok
  5614 | D:7      | Reached skill level 10 in Unarmed Combat
  6015 | D:8      | Killed Gastronok
  6015 | D:8      | Reached skill level 11 in Unarmed Combat
  6015 | D:8      | Reached XP level 10. HP: 27/102 MP: 2/9
  6914 | D:8      | Noticed an orc knight
  7439 | D:9      | Reached skill level 12 in Unarmed Combat
  7532 | D:9      | Noticed a three-headed hydra
  7545 | D:9      | HP: 3/104 [three-headed hydra (3)]
  7546 | D:9      | Slain by a three-headed hydra

Levels and vault maps discovered:
D:1:      eino_arrival_cavern_b, layout_loops_ring, st_stairs_13,
          hangedman_decor_lopped, minivault_5
D:2:      layout_basic, lemuel_crystal_altar
D:3:      layout_loops_cross, nicolae_overflow_hidden_temple, first_ration,
          small_statue_intersection, xom_teletrap_fun, uniq_natasha
D:4:      layout_basic, nemelex_xobeh_ov_fountains_minmay
D:5:      cheibrodos_barr_body, layout_gridville, uniq_sigmund
D:6:      layout_basic
D:7:      layout_rooms, minmay_temple_entry_mini_moons, basic_altar
D:8:      lemuel_castle_with_subvaults [lemuel_castle_interior_carwin_1],
          layout_loops_ring, uniq_gastronok
D:9:      layout_gridville, lemuel_doored_altar, zombieorc2_lemuel, special_room
          [special_room_orc], hangedman_ranch [blue_anna_fruit_fields]
Temple:   hc_temple_tempest_star

Skill      XL: |  1  2  3  4  5  6  7  8  9 10 |
---------------+-------------------------------+-----
Fighting       | 3 4 5 7 8 |  8.0
Unarmed Combat | 4 5 6 8 9 11 12 | 12.0
Dodging        | 3 4 3 |  3.7
Stealth        | 0 |  0.9

Action                   |  1- 3 |  4- 6 |  7- 9 | 10-12 || total
-------------------------+-------+-------+-------+-------++-------
Melee: Unarmed           |   111 |   158 |   317 |   153 ||   739
       Punch             |     2 |     4 |    11 |     1 ||    18
Throw: Stone             |     2 |       |       |     6 ||     8
Invok: Sacrifice Skill   |       |       |     1 |       ||     1
Evoke: Wand              |       |       |       |     6 ||     6
  Use: Scroll            |       |       |    12 |     1 ||    13
 Stab: Sleeping          |     2 |     4 |     2 |       ||     8
       Invisible         |       |       |     1 |       ||     1
  Eat: Chunk             |    12 |    22 |    27 |    14 ||    75
Armor: Robe              |    34 |    59 |   113 |    38 ||   244
Dodge: Dodged            |    47 |    80 |   197 |    91 ||   415

Table legend:
 A = Non-vault XP
 B = Vault XP
 C = Vault XP percentage of total XP
 D = Non-vault monster count
 E = Vault monster count
 F = Vault count percentage of total count
                 A         B        C        D         E       F
            +---------+---------+-------+---------+---------+-------
      Total |    5811 |    4831 |  45.4 |     194 |      55 |  22.1
            +---------+---------+-------+---------+---------+-------
        D:1 |      63 |       3 |   4.5 |      28 |       2 |   6.7
        D:2 |      53 |       0 |   0.0 |      19 |       0 |   0.0
        D:3 |      89 |      35 |  28.2 |      19 |       1 |   5.0
        D:4 |     609 |       0 |   0.0 |      24 |       0 |   0.0
        D:5 |     661 |     198 |  23.1 |      20 |       9 |  31.0
        D:6 |     480 |       0 |   0.0 |      20 |       0 |   0.0
        D:7 |    1777 |       0 |   0.0 |      32 |       0 |   0.0
        D:8 |    1580 |    4087 |  72.1 |      26 |      37 |  58.7
        D:9 |     499 |     508 |  50.4 |       6 |       6 |  50.0
            +---------+---------+-------+---------+---------+-------
